Cogmind - Beta 15 @@@ ROGUE MODE // 2025.08.31 @ 20:16:46 Player: Possibly A Hive Mind Result: Destroyed by G-47 Trooper with Particle Gun Performance ------------- Evolutions (0) 0 Regions Visited (2) 400 Robots Destroyed (14) 70 Value Destroyed (467) 467 Prototype IDs (2) 40 Alien Tech Used (0) 0 Bonus (0) 0 TOTAL SCORE: 977 Bonus ------- None Cogmind --------- Core Integrity 0/250 Matter 291/300 Energy 174/250 System Corruption 0% Temperature Cool (9) Movement Walking (190) Ox1 Location -10/Mines Parts ------- > --- POWER (1) -------- Ion Engine > --- PROPULSION (2) --- Aluminum Leg Aluminum Leg > --- UTILITY (2) ------ Large Storage Unit Transport Network Coupler > --- WEAPON (2) ------- Heavy Assault Rifle Hammer > --- INVENTORY (15) --- Ion Engine Aluminum Leg Improved Heat Sink Signal Interpreter Targeting Computer Targeting Computer Power Shielding Small Laser Particle Gun Assault Rifle Peak State ------------ > --- POWER ------------ Light Nuclear Core > --- PROPULSION ------- Aluminum Leg Aluminum Leg > --- UTILITY ---------- Large Storage Unit Transport Network Coupler > --- WEAPON ----------- Small Laser Assault Rifle > --- INVENTORY -------- Light Ion Engine Light Ion Engine Light Ion Engine Light Treads Light Treads Aluminum Leg Aluminum Leg Compact Wheel Compact Wheel Light Assault Rifle [Rating: 10] Favorites ----------- Power Light Nuclear Core Engine Ion Engine Power Core Light Nuclear Core Propulsion Aluminum Leg Treads Light Treads Leg Aluminum Leg Utility Large Storage Unit Storage Large Storage Unit Processor Transport Network Coupler Weapon Small Laser Energy Gun Small Laser Ballistic Gun Assault Rifle Impact Weapon Hammer Build | -11 -10 -10 ------- Run | Yrd Mat Min Slots Evolved . | . . . Power . | . . . Propulsion . | . . . Utility . | . . . Weapon . | . . . Parts Attached 20 | 8 5 7 Power 4 | 1 1 2 Engine 3 | 1 . 2 Core 1 | . 1 . Reactor . | . . . Propulsion 8 | 4 . 4 Treads 2 | 2 . . Leg 6 | 2 . 4 Wheel . | . . . Hover . | . . . Flight . | . . . Utility 3 | 1 2 . Device . | . . . Storage 2 | 1 1 . Processor 1 | . 1 . Hackware . | . . . Protection . | . . . Artifact . | . . . Weapon 5 | 2 2 1 Energy Gun 1 | 1 . . Energy Cannon . | . . . Ballistic Gun 3 | 1 1 1 Ballistic Cannon . | . . . Launcher . | . . . Special Weapon . | . . . Impact Weapon 1 | . 1 . Slashing Weapon . | . . . Piercing Weapon . | . . . Special Melee Weapon . | . . . Unidentified Prototypes . | . . . Parts Lost 5 | . . 5 Power 2 | . . 2 Propulsion 2 | . . 2 Utility . | . . . Weapon 1 | . . 1 Highest Loss Streak 4 | . . 4 To Critical Strikes . | . . . Average Backups 12 | 3 12 14 Power 2 | . 2 1 Propulsion 4 | 2 5 3 Utility 2 | . 1 4 Weapon 3 | . 3 4 Tool/Special . | . . . Unused Backups 21 | . 9 12 Power 4 | . 3 1 Propulsion 4 | . 3 1 Utility 7 | . 1 6 Weapon 6 | . 2 4 Tool/Special . | . . . Average Slot Usage (%) 97 | . 96 98 Engine 4 | . 1 7 Core 9 | . 12 5 Leg 27 | . 28 27 Storage 14 | . 14 14 Processor 11 | . 10 14 Energy Gun 13 | . 14 13 Ballistic Gun 13 | . 13 12 Peak Build Rating 10 | 6 10 10 Average Rating 9 | 4 9 9 On Entrance 5 | . 6 10 Naked Turns . | . . . Heaviest Build 29 | 11 28 29 Greatest Support 40 | 40 20 20 Greatest Overweight (x) 2 | . 1 2 Average Overweight (x) . | . . 1 Largest Inventory Capacity 15 | 8 15 15 Average Capacity 14 | 7 14 15 Most Carried 15 | 6 15 15 Average Carried 13 | 3 12 14 Final Capacity 15 | 8 15 15 Final Carried 15 | 6 15 10 Class Distribution -------------------- 77% | Mutant 22% | Scavenger-Mutant Dominant Class ---------------- Mutant | -10/Materials Scavenger-Mutant | -10/Mines Resources | -11 -10 -10 ----------- Run | Yrd Mat Min Matter Collected 501 | 202 189 110 Remotely . | . . . Salvage Created 567 | . 291 276 Parts 28 | . 17 11 Haulers Intercepted 1 | . 1 . Recyclers Shooed . | . . . Parts Field Recycled . | . . . Retrieved Matter . | . . . Parts Self-Destructed . | . . . Prevented . | . . . Kills | -11 -10 -10 ------- Run | Yrd Mat Min Combat Hostiles Destroyed 13 | . 7 6 Melee 2 | . . 2 Guns 10 | . 7 3 Classes Destroyed 4 | . 3 1 Hauler 1 | . 1 . Swarmer 2 | . 2 . Grunt 9 | . 5 4 Sentry 2 | . . 2 Best Kill Streak 2 | . 2 2 Combat Bots Only 2 | . 2 2 Max Kills in Single Turn 1 | . 1 1 Gunslinging . | . . . Exploded . | . . . Melee 1 | . . 1 Uniques/NPCs Destroyed . | . . . Combat | -11 -10 -10 -------- Run | Yrd Mat Min Hostile Shots Fired 104 | . 37 67 Missed 28 | . 14 14 Hits 76 | . 23 53 Projectile 76 | . 23 53 Critical Strikes 4 | . . 4 Damage Taken 989 | . 235 754 Core 250 | . 36 214 Absorbed by Shields . | . . . Core Remaining (%) 100 | 100 . . Volleys Fired 39 | . 26 13 Largest 2 | . 2 2 Hottest 60 | . 60 60 Shots Fired 66 | . 46 20 Gun 66 | . 46 20 Cannon . | . . . Launcher . | . . . Special . | . . . Kinetic 39 | . 26 13 Thermal 27 | . 20 7 Explosive . | . . . Electromagnetic . | . . . Robot Hit Streak 10 | . 10 8 Robot Miss Streak 3 | . 3 1 Penetration Max . | . . . Secondary Targets . | . . . Shots Hit Robots 66 | . 31 35 Core Hits 26 | . 15 11 Critical Kills . | . . . Critical Parts Destroyed 2 | . . 2 Critical Strikes 2 | . . 2 Smash 2 | . . 2 Melee Attacks 22 | . 2 20 Impact 22 | . 2 20 Slashing . | . . . Piercing . | . . . Sneak Attacks . | . . . Combat Hostiles . | . . . Follow-up Attacks . | . . . Damage Inflicted 1043 | . 368 675 Guns 598 | . 368 230 Cannons . | . . . Explosions . | . . . Melee 445 | . . 445 Ramming . | . . . Kinetic 412 | . 240 172 Thermal 186 | . 128 58 Explosive . | . . . Electromagnetic . | . . . Impact 445 | . . 445 Slashing . | . . . Piercing . | . . . Highest Corruption . | . . . Average Corruption . | . . . Corruption Purged . | . . . Corruption Blocked . | . . . Overload Shots . | . . . Overflow Damage 85 | . . 85 Projectiles . | . . . Explosions . | . . . Melee 85 | . . 85 Knockbacks 2 | . . 2 Impact 1 | . . 1 Kinetic . | . . . Secondary 1 | . . 1 Self-Inflicted Damage . | . . . Shots . | . . . Rammed . | . . . Targets Rammed . | . . . Kicked . | . . . Crushed . | . . . Highest Temperature 96 | . 54 96 Average Temperature 25 | . 17 43 Received Heat Transfer 585 | . 99 486 Siege Activations . | . . . Martial Activations . | . . . Shielding Activations . | . . . Robots Disrupted . | . . . Combat Hostiles . | . . . Robots Corrupted 1 | . . 1 Combat Hostiles 1 | . . 1 Parts Fried 1 | . . 1 Impact Corruptions 3 | . . 3 Robots Melted . | . . . Combat Hostiles . | . . . Parts Melted 1 | . 1 . Heat Transferred 425 | . 300 125 Parts Sabotaged . | . . . Parts Stolen . | . . . Parts Stripped . | . . . Power Chain Reactions . | . . . Alert | -11 -10 -10 ------- Run | Yrd Mat Min Maximum Alert Level . | . . . Low Security (%) 100 | 100 100 100 Level 1 . | . . . Level 2 . | . . . Level 3 . | . . . Level 4 . | . . . Level 5 . | . . . High Security . | . . . Max Security . | . . . Peak Influence 40 | . 40 40 Initial 4 | . . 4 Average 5 | . 7 4 Influence Increases 322 | . 182 140 Destroy 0b10 Robot/C 260 | . 140 120 Destroy 0b10 Robot/NC 5 | . 5 . Destroy Leader 32 | . 12 20 Successful Hack 10 | . 10 . Disable Machine 15 | . 15 . Influence Decreases 292 | . 170 122 Entered New Map 8 | . . 8 Time Decay 262 | . 170 92 Lost Part 22 | . . 22 Squads Dispatched 1 | . 1 . Investigation 1 | . 1 . Extermination . | . . . Reinforcement . | . . . Assault . | . . . Garrison . | . . . Intercept . | . . . Searches Triggered . | . . . Construction Impeded . | . . . Haulers Reinforced . | . . . Active Scanning Responses . | . . . Cargo Convoy Interrupts . | . . . Stealth | -11 -10 -10 --------- Run | Yrd Mat Min Distress Signals . | . . . Communications Jammed . | . . . Distress Signals . | . . . Times Spotted 19 | . 11 8 Peak Tracking Total 4 | . 3 4 Tactical Retreats . | . . . Traps | -11 -10 -10 ------- Run | Yrd Mat Min Traps Triggered . | . . . Indirectly . | . . . Trap Hack Attempts . | . . . Triggered . | . . . Disarmed . | . . . Reprogrammed . | . . . Reused . | . . . Traps Extracted . | . . . Installed . | . . . Triggered . | . . . Machines | -11 -10 -10 ---------- Run | Yrd Mat Min Machines Disabled 1 | . 1 . Max in Single Turn 1 | . 1 . Machines Repaired . | . . . Machines Dismantled . | . . . Machines Sabotaged . | . . . Overloaded Fab Kills . | . . . Hacking | -11 -10 -10 --------- Run | Yrd Mat Min Machines Accessed 5 | . 5 . Terminals 4 | . 4 . Fabricators . | . . . Repair Stations . | . . . Recycling Units 1 | . 1 . Scanalyzers . | . . . Garrison Access . | . . . Total Hacks 20 | . 20 . Successful 12 | . 12 . Failed 8 | . 8 . Catastrophic . | . . . Database Lockouts . | . . . Manual 2 | . 2 . Terminals 16 | . 16 . Fabricators . | . . . Repair Stations . | . . . Recycling Units 4 | . 4 . Scanalyzers . | . . . Garrison Access . | . . . Terminal Hacks 9 | . 9 . Record 4 | . 4 . Prototype ID Bank 1 | . 1 . Branch Access Points 1 | . 1 . Emergency Access Points 1 | . 1 . Maintenance Status 1 | . 1 . Transport Status 1 | . 1 . Fabricator Hacks . | . . . Repair Station Hacks . | . . . Recycling Unit Hacks 3 | . 3 . Process 1 | . 1 . Report Inventory 1 | . 1 . Retrieve Matter 1 | . 1 . Scanalyzer . | . . . Garrison Access Hacks . | . . . Unauthorized Hacks . | . . . Terminals . | . . . Fabricators . | . . . Repair Stations . | . . . Recycling Units . | . . . Scanalyzers . | . . . Garrison Access . | . . . Data Cores Recovered . | . . . Used . | . . . Hacking Detections 5 | . 5 . Full Trace Events 2 | . 2 . Feedback Events . | . . . Feedback Blocked . | . . . Robot Schematics Acquired . | . . . Robots Built . | . . . Authchips . | . . . Time . | . . . Total Robot Build Rating . | . . . Part Schematics Acquired . | . . . Parts Built . | . . . Authchips . | . . . Time . | . . . Total Part Build Rating . | . . . Parts Repaired . | . . . Time . | . . . Parts Recycled . | . . . Recycled Matter 39 | . 39 . Retrieved Matter 39 | . 39 . Retrieved Components . | . . . Parts Scanalyzed . | . . . Part Schematics Acquired . | . . . Parts Damaged . | . . . Bothacking | -11 -10 -10 ------------ Run | Yrd Mat Min Used RIF Installer . | . . . Robots Hacked . | . . . Non-combat . | . . . Combat . | . . . Robot Hacks Applied . | . . . Relay Couplers Released . | . . . Fabnet Peak Effective % . | . . . Robots Rewired . | . . . Allies Hacked . | . . . Hacks Repelled . | . . . Allies | -11 -10 -10 -------- Run | Yrd Mat Min Total Allies . | . . . Largest Group . | . . . Highest-Rated Group . | . . . Highest-Rated Ally . | . . . Total Orders . | . . . Ally Attacks . | . . . Total Damage . | . . . Kills . | . . . Allies Corrupted . | . . . Allies Melted . | . . . Intel | -11 -10 -10 ------- Run | Yrd Mat Min Active Infowar (turns) 1619 | . 826 793 T.N.C. 1619 | . 826 793 Robot Analysis Total . | . . . Derelict Logs Recovered 1 | . . 1 Drone Launches . | . . . Drone Recoveries . | . . . Exploration | -11 -10 -10 ------------- Run | Yrd Mat Min Turns Passed 1986 | 92 1101 793 Spaces Moved 961 | 59 543 359 Core 3 | 3 . . Treads 7 | 7 . . Legs 951 | 49 543 359 Wheels . | . . . Hover . | . . . Flight . | . . . Fastest Speed 50 | 50 120 190 Average Speed 181 | 121 181 190 Slowest Speed 260 | 160 190 260 Overloaded Moves . | . . . Propulsion Burnouts . | . . . Robots Hopped . | . . . Potential Cave-ins . | . . . Cave-ins Triggered . | . . . Exploration Rate (%) 45 | 4 55 78 Regions Visited 2 Branch Regions 1 Pre-discovered Areas . | . . . Known Exits Taken 1 | . 1 . Unknown Exits Taken 1 | 1 . . Scrap Searched 1 | . . 1 Spaces Dug . | . . . Terrain Destroyed . | . . . Melee . | . . . Projectile . | . . . AOE . | . . . Terrain Rammed . | . . . Walls Destroyed . | . . . Machines Disabled . | . . . Actions | -11 -10 -10 --------- Run | Yrd Mat Min Total 1109 | 78 615 416 Wait . | . . . Move 959 | 58 542 359 Hop . | . . . Pick Up 44 | 12 25 7 Fast Attach . | . . . Attach 15 | 6 3 6 Detach . | . . . Swap 8 | 2 2 4 Drop 22 | . 15 7 Fire 39 | . 26 13 Melee 22 | . 2 20 Ram . | . . . Kick . | . . . Crush . | . . . Escape Stasis . | . . . Rewire . | . . . Trap . | . . . Miscellaneous . | . . . Route ------- -11/Scrapyard -10/Materials (discovered 4 exits: [*Mat x2] / *Min / [*Sub]) -10/Mines History --------- Turn | Location | Event 24 | -11/Scrapyard | Discovered new exit (range 16) 93 | -11/Scrapyard | Entered Materials 300 | -10/Materials | Build established: Mutant 305 | -10/Materials | Discovered new exit (range 4) 433 | -10/Materials | Discovered new exit (range 14) 553 | -10/Materials | Identified exit to Mines 623 | -10/Materials | Discovered new exit (range 10) 1077 | -10/Materials | Discovered new exit (range 7) 1194 | -10/Materials | Entered Mines 1352 | -10/Mines | Found a hidden stash of uninstalled traps 1673 | -10/Mines | Found DCF Scrap (12 items) 1793 | -10/Mines | Build established: Scavenger-Mutant 1933 | -10/Mines | Core integrity fell below 50% 1958 | -10/Mines | Core integrity fell below 20% 1987 | -10/Mines | Destroyed by G-47 Trooper with Particle Gun Last Messages --------------- Acquired Ion Engine. K-01 Serf collects debris. Critical hit (Burn: +37). Sml. Laser destroyed. Aluminum Leg destroyed. G-34 Mercenary suffers critical hit (Smash). Destroyed Aluminum Leg. G-34 Mercenary system corrupted by crushing effect. G-34 Mercenary destroyed. Critical hit (Burn: +37). Destroyed Imp. Heat Sink. G-47 Trooper system corrupted by crushing effect. G-47 Trooper knocked back. Aluminum Leg destroyed. Critical hit (Burn: +37). Ion Engine destroyed. G-47 Trooper destroyed. Acquired 39 matter. Map ----- +----------------------------------------------------+ | ##?## ##?????????## ##?# #? | | #???# ############ % ### # | | ###=[* #??## ## ### # | | ??###/!#### ##??# """ ### ## | | ??# %[=#??#####???# """ ######? | | ??#[####??????????## """ #?????? | | ###!######?????????## ## #?????? | | # !*## ##?????????###### ## ##?????? | | #??????????????# ### ##??????? | | ##?????????????# #?# #???????? | | ##????????????## ### ##???????? | | ## ##????????????#####?# ##????????? | | ### ##?????????????????## ##?????????? | | #?# ##?????????????????## ##??????????? | | #?# #??????????????????####???????????? | | ##?# #?????????????????????????????????? | | ###?## #?????????????????????????????????? | | ????# ##?????????????????????????????????? | | ????# ##??????????????????????????????????? | | ????# #############????######??????????????? | | ????## #??? ???????????????? | | ?????## #?? """ ???????????????? | | ###???## ####### ## ### """ ???????????????? | | ##???## #?????# ## *g! """ ???????????????? | | #????# #?????# ####g# #?????????????? | | #????## ##?????# #??#@#????#####?????????????? | | ##???# #??##### #??# #??????????????????????? | | ##??# #??# #??# #??????????????????????? | | # ##?# #??# #####??# #??????????????????????? | | # #?# #??# #??????# #??????????????????????? | | # #?# #### #??????# #??????????????????????? | | # ### #??????# #??????????????????????? | | # ## #####??????# ??????????????????????? | | ##??????????###??????????????????????? | | ##????????????????????????????????????? | | #?????????????????????????????????????? | | ##????????????????????????????????????? | | ##???????????????????????????????????? | | ###?????????????????????????????????? | | # ##????????????????????????????????? | | # #????????????????????????????????? | | ## #????????????????????????????????? | | ?##### #####????????????????????????????????? | | ?????# ##????????????????????????????????????? | | ?????# #?????????????????????????????????????? | | ?????## ##?????????????????????????????????????? | | ??????#####??????????????????????????????????????? | | ?????????????????????????????????????????????????? | | ?????????????????????????????????????????????????? | | | +----------------------------------------------------+ Best States ------------- Heat Dissipation 25 Energy Generation 14 Energy Capacity 250 Matter Stores 300 Matter Capacity 300 Sight Range 16 Terrain Scan Density 10 Evasion (%) 55 Recoil Reduction 2 Item Schematics ----------------- None Robot Schematics ------------------ None Fabricated ------------ Nothing Repaired ---------- Nothing Alien Tech Used ----------------- None Achievements -------------- None Challenges ------------ None Game ------ Seed CoreHardcellFlightbrick Manual? 0 Play Time 00:25:40 Cumulative 7.9 hours Start 2025.08.31 @ 18:28:58 End 2025.08.31 @ 20:16:46 Sessions 1 Manual Loads 0 Difficulty Rogue Special Mode None Game No. 11 Rogue 11 Adventurer 0 Explorer 0 Win Type - Total 0 Types 0/0/0/0/0/0/0/0/0/0 Lore% 6 Gallery% 10 Achievement% 8 Wizard Run 0 Options --------- Layout 1 ASCII 0 Keyboard 0 Movement Mouse Keybinds 0 Fullscreen 1 Font 24/Smallcaps Map View 50x35 Zoom Use 0% Tactical HUD 0 Map Filters NONE Filters NONE Steam 1 RUN: 87a7e6f5-f671-4503-90d6-01e2228176e1